[Event "46th OKU-A 2019"]
[Site "Utrecht"]
[Date "2019.06.01"]
[Round "3.7"]
[White "Miezis, Normunds"]
[Black "Boogaard, Sander"]
[Result "1-0"]
[ECO "A36"]
[WhiteElo "2456"]
[BlackElo "2095"]
[Annotator "ChessBase"]
[PlyCount "74"]
[EventDate "2019.05.31"]
[EventType "swiss"]
[EventCountry "NED"]
[SourceTitle "playchess.com"]
[Source "ChessBase"]
[SourceQuality "1"]
[TimeControl "6600+10"]

1. c4 Nf6 2. Nc3 g6 3. g3 Bg7 4. Bg2 O-O 5. e4 c5 6. Nge2 Nc6 7. O-O Ne8 8. a3 Nc7 9. Rb1 Ne6 10. b4 d6 11. d3 Ned4 12. h3 a6 13. Kh2 Rb8 14. bxc5 dxc5 15. Nxd4 Nxd4 16. Na4 b5 17. cxb5 Qd6 18. b6 Bd7 19. b7 Bb5 20. f4 e5 21. Nb2 a5 22. fxe5 Bxe5 23. Bf4 Rfe8 24. Qd2 Re7 25. Qxa5 Rexb7 26. Rbd1 Ba6 27. Na4 Bb5 28. Nc3 Nc6 29. Nxb5 Rxb5 30. Qa6 Qe6 31. Rf2 R8b6 32. Qa4 Rb2 33. Rdf1 Qa2 34. Bxe5 Rxf2 35. Rxf2 Qxf2 36. Qa8+ Nb8 37. Bxb8 Kg7 1-0

[Event "46th OKU-A 2019"]
[Site "Utrecht"]
[Date "2019.06.01"]
[Round "3.8"]
[White "Van Kerkhof, David"]
[Black "Mijnster, Niels"]
[Result "1-0"]
[ECO "B15"]
[WhiteElo "2376"]
[BlackElo "2064"]
[Annotator "ChessBase"]
[PlyCount "66"]
[EventDate "2019.05.31"]
[EventType "swiss"]
[EventCountry "NED"]
[SourceTitle "playchess.com"]
[Source "ChessBase"]
[SourceQuality "1"]
[TimeControl "6600+10"]

1. e4 c6 2. d4 d5 3. f3 g6 4. Nc3 Bg7 5. Be3 Qb6 6. Rb1 e5 7. Nge2 Be6 8. Qd2 Qd8 9. dxe5 Bxe5 10. exd5 cxd5 11. Nd4 Ne7 12. Bb5+ Nbc6 13. O-O O-O 14. Rfe1 Nxd4 15. Bxd4 Bxd4+ 16. Qxd4 Nf5 17. Qe5 Qb6+ 18. Kh1 Rac8 19. Bd3 Nd4 20. a3 Nc6 21. Qf6 Qd4 22. Qg5 Kg7 23. Ne2 Qf6 24. Qg3 Rfe8 25. Nf4 Kh8 26. h4 h5 27. Re3 d4 28. Re2 Ne7 29. Rbe1 Rc6 30. Re5 Nf5 31. Bxf5 gxf5 32. Nxh5 Qh6 33. Rxf5 Qd2 1-0

[Event "46th OKU-A 2019"]
[Site "Utrecht"]
[Date "2019.06.01"]
[Round "3.9"]
[White "Cornelisse, John"]
[Black "Diepeveen, Vincent"]
[Result "0-1"]
[ECO "D19"]
[WhiteElo "2204"]
[BlackElo "2312"]
[Annotator "ChessBase"]
[PlyCount "62"]
[EventDate "2019.05.31"]
[EventType "swiss"]
[EventCountry "NED"]
[SourceTitle "playchess.com"]
[Source "ChessBase"]
[SourceQuality "1"]
[TimeControl "6600+10"]

1. d4 d5 2. c4 c6 3. Nc3 Nf6 4. Nf3 dxc4 5. a4 Bf5 6. e3 e6 7. Bxc4 Bb4 8. O-O O-O 9. Qe2 Nbd7 10. e4 Bg6 11. Bd3 Bh5 12. e5 Nd5 13. Nxd5 cxd5 14. Qe3 h6 15. Ne1 Bxe1 16. Rxe1 Bg6 17. Bb5 Rc8 18. Bd2 Qe7 19. Rec1 Nb8 20. Qb3 a6 21. Bb4 Qg5 22. Rxc8 Rxc8 23. Bf1 Rc2 24. Rd1 Nc6 25. Bc3 Qf4 26. f3 Qe3+ 27. Kh1 Rc1 28. Rxc1 Qxc1 29. Kg1 Bc2 30. Qxb7 Bd3 31. Kf2 Bxf1 0-1

[Event "46th OKU-A 2019"]
[Site "Utrecht"]
[Date "2019.06.01"]
[Round "3.10"]
[White "Pham, Khoi"]
[Black "Halfhide, Sebastian"]
[Result "1/2-1/2"]
[ECO "E20"]
[WhiteElo "2198"]
[BlackElo "2252"]
[Annotator "ChessBase"]
[PlyCount "69"]
[EventDate "2019.05.31"]
[EventType "swiss"]
[EventCountry "NED"]
[SourceTitle "playchess.com"]
[Source "ChessBase"]
[SourceQuality "1"]
[TimeControl "6600+10"]

1. d4 Nf6 2. c4 e6 3. Nc3 Bb4 4. f3 c5 5. d5 b5 6. e4 d6 7. Nge2 bxc4 8. Nf4 e5 9. Nfe2 Nbd7 10. Ng3 Nb6 11. Be2 O-O 12. O-O Re8 13. Bg5 h6 14. Bd2 Nfd7 15. Nf5 Nf8 16. Ne3 Ng6 17. g3 Rf8 18. f4 exf4 19. gxf4 f5 20. exf5 Nh4 21. Bg4 Nxf5 22. Nxf5 Bxf5 23. Bxf5 Rxf5 24. Qg4 Qd7 25. Kh1 Raf8 26. Rg1 R8f7 27. Rae1 Bxc3 28. Bxc3 Nxd5 29. Bxg7 Rxg7 30. Re8+ Kh7 31. Re7 Qxe7 32. Qxf5+ Kh8 33. Qc8+ Kh7 34. Qf5+ Kh8 35. Qc8+ 1/2-1/2

[Event "46th OKU-A 2019"]
[Site "Utrecht"]
[Date "2019.06.01"]
[Round "3.11"]
[White "Reichardt, Robin"]
[Black "Van Dael, Siem"]
[Result "1/2-1/2"]
[ECO "E99"]
[WhiteElo "1925"]
[BlackElo "2218"]
[Annotator "ChessBase"]
[PlyCount "54"]
[EventDate "2019.05.31"]
[EventType "swiss"]
[EventCountry "NED"]
[SourceTitle "playchess.com"]
[Source "ChessBase"]
[SourceQuality "1"]
[TimeControl "6600+10"]

1. d4 Nf6 2. c4 g6 3. Nf3 Bg7 4. Nc3 O-O 5. e4 d6 6. Be2 e5 7. O-O Nc6 8. d5 Ne7 9. Ne1 Nd7 10. f3 f5 11. Be3 f4 12. Bf2 g5 13. Rc1 Ng6 14. c5 Nxc5 15. b4 Na6 16. Nb5 h5 17. Nxa7 Bd7 18. a4 g4 19. fxg4 f3 20. Bxf3 hxg4 21. Bxg4 Rxf2 22. Rxf2 Rxa7 23. Qf3 Qe7 24. Nd3 Ra8 25. Bxd7 Qxd7 26. Qf5 Qxf5 27. Rxf5 Bh6 1/2-1/2

[Event "46th OKU-A 2019"]
[Site "Utrecht"]
[Date "2019.06.01"]
[Round "3.12"]
[White "Le Clercq, Maxim"]
[Black "Jansen, Bob"]
[Result "0-1"]
[ECO "D00"]
[WhiteElo "1930"]
[BlackElo "2148"]
[Annotator "ChessBase"]
[PlyCount "54"]
[EventDate "2019.05.31"]
[EventType "swiss"]
[EventCountry "NED"]
[SourceTitle "playchess.com"]
[Source "ChessBase"]
[SourceQuality "1"]
[TimeControl "6600+10"]

1. d4 Nf6 2. Bf4 g6 3. Nc3 d5 4. e3 Bg7 5. Nf3 a6 6. a4 Nbd7 7. h4 c5 8. a5 Nf8 9. Be2 cxd4 10. exd4 Bf5 11. O-O Rc8 12. Be5 N8d7 13. Nxd5 Nxe5 14. Nxf6+ exf6 15. dxe5 fxe5 16. Qxd8+ Rxd8 17. c3 e4 18. Nd4 Bxd4 19. cxd4 Rxd4 20. Bd1 O-O 21. Ra4 Rfd8 22. Rxd4 Rxd4 23. Bc2 Rd2 24. Rc1 h5 25. Kf1 e3 26. Bxf5 Rxf2+ 27. Ke1 Rxf5 0-1

[Event "46th OKU-A 2019"]
[Site "Utrecht"]
[Date "2019.06.01"]
[Round "4.1"]
[White "Meng, Roger"]
[Black "Warmerdam, Max"]
[Result "0-1"]
[ECO "E61"]
[WhiteElo "2443"]
[BlackElo "2476"]
[Annotator "RC"]
[PlyCount "68"]
[EventDate "2019.05.31"]
[EventType "swiss"]
[EventCountry "NED"]
[SourceTitle "playchess.com"]
[Source "ChessBase"]
[SourceQuality "1"]
[TimeControl "6600+10"]

1. d4 Nf6 2. Nf3 g6 3. c4 Bg7 4. Nc3 O-O 5. Bf4 d6 6. e3 c5 7. h3 Qa5 8. Qd2 cxd4 9. exd4 Nc6 10. d5 e5 11. Be3 Ne7 12. Nb5 Qd8 13. Qb4 Nf5 14. Bxa7 Bd7 15. g4 Bxb5 16. Qxb5 Rxa7 17. gxf5 e4 18. Nd2 Qe7 19. Qb3 Nd7 20. Be2 Nc5 21. Qe3 Bxb2 22. Rb1 Rxa2 23. Nb3 Ba3 24. Nd4 Bb4+ 25. Kf1 Bd2 26. Qg3 Qf6 27. Nb5 Rd8 28. h4 Qxf5 29. Nxd6 Rxd6 30. Qxd6 e3 31. Kg2 Ne4 32. Qd8+ Kg7 33. Rbf1 Ba5 34. fxe3 Qg4+ 0-1

[Event "46th OKU-A 2019"]
[Site "Utrecht"]
[Date "2019.06.01"]
[Round "4.5"]
[White "Jansen, Bob"]
[Black "Miezis, Normunds"]
[Result "0-1"]
[ECO "D02"]
[WhiteElo "2148"]
[BlackElo "2456"]
[Annotator "RC"]
[PlyCount "58"]
[EventDate "2019.05.31"]
[EventType "swiss"]
[EventCountry "NED"]
[SourceTitle "playchess.com"]
[Source "ChessBase"]
[SourceQuality "1"]
[TimeControl "6600+10"]

1. d4 Nf6 2. Bf4 e6 3. e3 d5 4. Nf3 Bd6 5. Bg3 Ne4 6. Nbd2 f5 7. Ne5 O-O 8. f3 Nxg3 9. hxg3 Bxe5 10. dxe5 d4 11. f4 Nc6 12. e4 Ne7 13. Bd3 h6 14. Qe2 c5 15. g4 b5 16. exf5 exf5 17. Bxb5 fxg4 18. Bc4+ Kh8 19. O-O-O Bf5 20. Ne4 Rb8 21. Nd6 Qb6 22. b3 Qa5 23. Kb1 Qc3 24. Qd2 Qg3 25. Nf7+ Kh7 26. Ng5+ Kg6 27. Ne6 Rfc8 28. Qa5 Qxg2 29. Rc1 Qc6 0-1

[Event "46th OKU-A 2019"]
[Site "Utrecht"]
[Date "2019.06.01"]
[Round "4.10"]
[White "Sekandar, Kambiz"]
[Black "Reichardt, Robin"]
[Result "*"]
[ECO "C55"]
[WhiteElo "2193"]
[BlackElo "1925"]
[Annotator "RC"]
[PlyCount "59"]
[EventDate "2019.05.31"]
[EventType "swiss"]
[EventCountry "NED"]
[SourceTitle "playchess.com"]
[Source "ChessBase"]
[SourceQuality "1"]
[TimeControl "6600+10"]

1. e4 e5 2. Nf3 Nc6 3. Bc4 Nf6 4. d3 Be7 5. O-O O-O 6. c3 d5 7. exd5 Nxd5 8. Re1 Be6 9. Nbd2 f6 10. d4 Bf7 11. dxe5 Nxe5 12. Nxe5 fxe5 13. Nf3 Bf6 14. Nxe5 Bxe5 15. Rxe5 Nxc3 16. Bxf7+ Rxf7 17. Qxd8+ Rxd8 18. Bg5 Rd5 19. Rae1 Rxe5 20. Rxe5 Rd7 21. h4 Nxa2 22. Ra5 Nb4 23. Rxa7 c6 24. Be3 Kf7 25. g4 Nd3 26. Ra4 Nxb2 27. Rf4+ Ke6 28. Re4+ Kf7 29. Rf4+ Ke6 30. Re4+ {[%emt 0:00:13] Ke5 [%clk 00:18:14] [%emt 00:00:32]} *

[Event "46th OKU-A 2019"]
[Site "Utrecht"]
[Date "2019.06.02"]
[Round "5.1"]
[White "Warmerdam, Max"]
[Black "Ten Hertog, Hugo"]
[Result "0-1"]
[ECO "A42"]
[WhiteElo "2476"]
[BlackElo "2480"]
[Annotator "ChessBase"]
[PlyCount "82"]
[EventDate "2019.05.31"]
[EventType "swiss"]
[EventCountry "NED"]
[SourceTitle "playchess.com"]
[Source "ChessBase"]
[SourceQuality "1"]
[TimeControl "6600+10"]

1. d4 g6 2. c4 Bg7 3. Nc3 d6 4. Nf3 Nd7 5. e4 e5 6. Be3 Ngf6 7. d5 Nc5 8. Qc2 Ng4 9. Bg5 f6 10. Bh4 g5 11. h3 Nh6 12. Bg3 f5 13. h4 g4 14. Ng5 f4 15. Bh2 Ng8 16. b4 h6 17. Nf3 gxf3 18. bxc5 fxg2 19. Bxg2 dxc5 20. Bf3 Nf6 21. Rg1 O-O 22. O-O-O Ne8 23. Bh5 Nd6 24. f3 Bh3 25. Bg4 Bxg4 26. Rxg4 Nxc4 27. Rdg1 Rf7 28. Nd1 b5 29. Qg2 Qf8 30. Rg6 Kh8 31. Qg4 Rb8 32. Qh5 Rb6 33. Nf2 Rxg6 34. Rxg6 Ne3 35. Nh3 Rf6 36. Rxf6 Bxf6 37. Ng5 Bxg5 38. hxg5 c4 39. d6 Qxd6 40. Qe8+ Kg7 41. gxh6+ Kh7 0-1

[Event "46th OKU-A 2019"]
[Site "Utrecht"]
[Date "2019.06.02"]
[Round "5.2"]
[White "Burg, Twan"]
[Black "Miezis, Normunds"]
[Result "1-0"]
[ECO "B41"]
[WhiteElo "2519"]
[BlackElo "2456"]
[Annotator "ChessBase"]
[PlyCount "71"]
[EventDate "2019.05.31"]
[EventType "swiss"]
[EventCountry "NED"]
[SourceTitle "playchess.com"]
[Source "ChessBase"]
[SourceQuality "1"]
[TimeControl "6600+10"]

1. e4 c5 2. Nf3 e6 3. d4 cxd4 4. Nxd4 a6 5. c4 Nf6 6. Nc3 Bb4 7. Qd3 O-O 8. e5 Ne8 9. Be2 d6 10. Nc2 Ba5 11. exd6 Qxd6 12. Qxd6 Nxd6 13. b4 Bc7 14. O-O Nc6 15. Rd1 Nf5 16. Bb2 Be5 17. Rab1 f6 18. c5 Nfd4 19. Nxd4 Bxd4 20. Bc4 Kh8 21. Ne4 e5 22. Nd6 g6 23. Bd5 Nxb4 24. Bxd4 Nxd5 25. Bxe5 Nc7 26. Ba1 Ne6 27. Ne4 Kg7 28. Rb6 Kh6 29. Bxf6 a5 30. Rd3 Nf4 31. Rf3 Ne2+ 32. Kf1 Bg4 33. Bg5+ Kh5 34. Rxf8 Rxf8 35. Rxb7 Rh8 36. h4 1-0

[Event "46th OKU-A 2019"]
[Site "Utrecht"]
[Date "2019.06.02"]
[Round "5.3"]
[White "Beerdsen, Thomas"]
[Black "Ondersteijn, Niels"]
[Result "1-0"]
[ECO "C41"]
[WhiteElo "2488"]
[BlackElo "2397"]
[Annotator "ChessBase"]
[PlyCount "71"]
[EventDate "2019.05.31"]
[EventType "swiss"]
[EventCountry "NED"]
[SourceTitle "playchess.com"]
[Source "ChessBase"]
[SourceQuality "1"]
[TimeControl "6600+10"]

1. e4 e5 2. Nf3 d6 3. d4 exd4 4. Nxd4 Nf6 5. Nc3 Be7 6. g3 d5 7. e5 Ng4 8. Bg2 O-O 9. O-O c5 10. Ndb5 d4 11. Nd5 Nc6 12. f4 Nh6 13. Bd2 a6 14. Nxe7+ Qxe7 15. Nd6 Bg4 16. Qe1 f6 17. b4 cxb4 18. Bxb4 fxe5 19. Bxc6 bxc6 20. Nf5 Qd7 21. Nxh6+ gxh6 22. Bxf8 Rxf8 23. fxe5 Bf5 24. Rf4 Rf7 25. Qb4 d3 26. cxd3 Qxd3 27. Re1 Qd5 28. Ref1 Be6 29. Rxf7 Bxf7 30. Qg4+ Kh8 31. Rd1 Qxe5 32. Rd8+ Be8 33. Qd4 Qxd4+ 34. Rxd4 Bg6 35. Kf2 Kg7 36. Ke3 1-0

[Event "46th OKU-A 2019"]
[Site "Utrecht"]
[Date "2019.06.02"]
[Round "5.4"]
[White "Ootes, Lars"]
[Black "Arnaudov, G. Petar"]
[Result "0-1"]
[ECO "B10"]
[WhiteElo "2360"]
[BlackElo "2482"]
[Annotator "ChessBase"]
[PlyCount "90"]
[EventDate "2019.05.31"]
[EventType "swiss"]
[EventCountry "NED"]
[SourceTitle "playchess.com"]
[Source "ChessBase"]
[SourceQuality "1"]
[TimeControl "6600+10"]

1. e4 c6 2. d3 d5 3. Nd2 e5 4. Ngf3 Bd6 5. d4 exd4 6. Bd3 c5 7. exd5 Nf6 8. O-O O-O 9. c4 dxc3 10. bxc3 Nxd5 11. Qc2 h6 12. Rd1 Be7 13. Nf1 Nf6 14. Bc4 Qe8 15. Bxh6 gxh6 16. Qg6+ Kh8 17. Qxh6+ Nh7 18. Rd5 Qc6 19. Qe3 Qe6 20. Qd2 f5 21. Re1 Qf6 22. Ng3 Nc6 23. Nh5 Qg6 24. Nf4 Qh6 25. h4 Nf6 26. Ne5 Nxe5 27. Rdxe5 Rd8 28. Bd5 Bd6 29. Bf3 Be6 30. Rxe6 Bxf4 31. Qb2 Rd2 32. Qxb7 Qxh4 33. Qxa8+ Ng8 34. g3 Bxg3 35. R6e2 Bxf2+ 36. Kf1 Bxe1 37. Bd5 Rxd5 38. Qxd5 Bxc3 39. Rf2 Ne7 40. Qd8+ Kh7 41. Qc7 Qh1+ 42. Ke2 Qe1+ 43. Kd3 Qxf2 44. Qxe7+ Bg7 45. Qf7 c4+ {[%emt 0:00:21] Kd4 [%emt 00:00:08]} 0-1

[Event "46th OKU-A 2019"]
[Site "Utrecht"]
[Date "2019.06.02"]
[Round "5.5"]
[White "Van Kerkhof, David"]
[Black "Meng, Roger"]
[Result "1/2-1/2"]
[ECO "B09"]
[WhiteElo "2376"]
[BlackElo "2443"]
[Annotator "ChessBase"]
[PlyCount "50"]
[EventDate "2019.05.31"]
[EventType "swiss"]
[EventCountry "NED"]
[SourceTitle "playchess.com"]
[Source "ChessBase"]
[SourceQuality "1"]
[TimeControl "6600+10"]

1. e4 g6 2. d4 Bg7 3. Nc3 d6 4. f4 Nf6 5. Nf3 O-O 6. Bd3 Nc6 7. e5 dxe5 8. dxe5 Nd5 9. Qe2 Bg4 10. Be3 Ncb4 11. Be4 Nxe3 12. Qxe3 f5 13. exf6 exf6 14. a3 f5 15. axb4 fxe4 16. Nxe4 Qe7 17. O-O Qxb4 18. c3 Qb6 19. Qxb6 axb6 20. Ne5 Be6 21. Rxa8 Rxa8 22. Rd1 Bf5 23. Ng3 Be6 24. Ne4 Bf5 25. Ng3 Be6 1/2-1/2

[Event "46th OKU-A 2019"]
[Site "Utrecht"]
[Date "2019.06.02"]
[Round "5.6"]
[White "Lalic, Bogdan"]
[Black "Jansen, Bob"]
[Result "1-0"]
[ECO "A74"]
[WhiteElo "2400"]
[BlackElo "2148"]
[Annotator "ChessBase"]
[PlyCount "87"]
[EventDate "2019.05.31"]
[EventType "swiss"]
[EventCountry "NED"]
[SourceTitle "playchess.com"]
[Source "ChessBase"]
[SourceQuality "1"]
[TimeControl "6600+10"]

1. d4 Nf6 2. c4 c5 3. d5 e6 4. Nc3 exd5 5. cxd5 d6 6. Nf3 g6 7. Nd2 Nbd7 8. e4 Bg7 9. Be2 O-O 10. O-O a6 11. a4 Rb8 12. f4 Ne8 13. Kh1 b6 14. Qc2 f5 15. exf5 gxf5 16. Bd3 Qf6 17. Nd1 Rf7 18. Ne3 Nf8 19. Rb1 b5 20. axb5 axb5 21. b3 Qc3 22. Nf3 Qxc2 23. Bxc2 Bc3 24. Ng5 Rf6 25. Nd1 Bd4 26. Nf3 Bb7 27. Nxd4 cxd4 28. Bb2 Bxd5 29. Bxd4 Rf7 30. Ne3 Be6 31. g4 fxg4 32. f5 Bc8 33. Nxg4 Bb7+ 34. Kg1 Nd7 35. Nh6+ Kf8 36. Nxf7 Kxf7 37. Rbe1 Nef6 38. Re3 Ne5 39. Bd1 Ne4 40. Bxe5 dxe5 41. Bf3 Rg8+ 42. Kh1 Nd2 43. Bxb7 Nxf1 44. Re1 1-0

[Event "46th OKU-A 2019"]
[Site "Utrecht"]
[Date "2019.06.02"]
[Round "5.7"]
[White "Van Overdam, Julian"]
[Black "Floor, Dirk"]
[Result "1-0"]
[ECO "C45"]
[WhiteElo "2371"]
[BlackElo "2184"]
[Annotator "ChessBase"]
[PlyCount "131"]
[EventDate "2019.05.31"]
[EventType "swiss"]
[EventCountry "NED"]
[SourceTitle "playchess.com"]
[Source "ChessBase"]
[SourceQuality "1"]
[TimeControl "6600+10"]

1. e4 e5 2. Nf3 Nc6 3. d4 exd4 4. Nxd4 Nf6 5. Nxc6 bxc6 6. e5 Qe7 7. Qe2 Nd5 8. c4 Ba6 9. b3 g6 10. g3 Bg7 11. Bb2 O-O 12. Bg2 Rae8 13. O-O Bxe5 14. Qxe5 Qxe5 15. Bxe5 Rxe5 16. cxd5 Bxf1 17. Kxf1 cxd5 18. Nc3 c6 19. Rd1 Rfe8 20. Bf3 Kf8 21. Ne2 Rb8 22. Rd4 a5 23. Ra4 Rb5 24. Nf4 Re8 25. Nd3 Ke7 26. Ke2 Kd6+ 27. Kd2 Ra8 28. h4 Rbb8 29. h5 h6 30. Rf4 Rf8 31. Bd1 Ke6 32. hxg6 fxg6 33. Rh4 h5 34. g4 hxg4 35. Bxg4+ Kd6 36. Rh7 Rad8 37. Rh6 Rf6 38. f4 Rdf8 39. Rh7 R8f7 40. Rh1 Rf8 41. Ke3 Re8+ 42. Kd2 Ref8 43. Kc3 c5 44. Rh3 a4 45. Rg3 axb3 46. axb3 Rxf4 47. Nxf4 Rxf4 48. Be2 Rf6 49. Rg5 Kc6 50. Bd1 d6 51. Bc2 Rf3+ 52. Kb2 c4 53. bxc4 Kc5 54. cxd5 Rf2 55. Kc3 Rf3+ 56. Bd3 Rh3 57. Kd2 Rh5 58. Rxh5 gxh5 59. Be4 Kd4 60. Bh1 Ke5 61. Ke3 h4 62. Kf2 Kf4 63. Kg2 Kg4 64. Kh2 h3 65. Be4 Kf4 66. Bh7 1-0

[Event "46th OKU-A 2019"]
[Site "Utrecht"]
[Date "2019.06.02"]
[Round "5.8"]
[White "Tabak, Stefan"]
[Black "Haast, Mark"]
[Result "1-0"]
[ECO "B06"]
[WhiteElo "2183"]
[BlackElo "2391"]
[Annotator "ChessBase"]
[PlyCount "107"]
[EventDate "2019.05.31"]
[EventType "swiss"]
[EventCountry "NED"]
[SourceTitle "playchess.com"]
[Source "ChessBase"]
[SourceQuality "1"]
[TimeControl "6600+10"]

1. e4 g6 2. d4 Bg7 3. Nc3 d6 4. Be3 a6 5. a4 b6 6. g3 Bb7 7. Bg2 Nd7 8. Qd2 c5 9. Nge2 cxd4 10. Bxd4 Ngf6 11. O-O Qc7 12. Nd5 Bxd5 13. exd5 O-O 14. Rfe1 Rfe8 15. b3 h5 16. c4 Nc5 17. Rab1 a5 18. Nc3 Qd7 19. h3 Qf5 20. Bxc5 bxc5 21. Nb5 Rec8 22. Rbd1 Bf8 23. Kh2 Rcb8 24. Re2 Rb7 25. Rde1 Kh7 26. Be4 Qd7 27. Kg2 Qd8 28. Bc2 Bh6 29. Qd1 Kg8 30. Rf1 h4 31. Rfe1 Qf8 32. Qb1 Kg7 33. Bd3 Bg5 34. Qb2 Qd8 35. Qc3 Bh6 36. Bc2 Kf8 37. Qf3 hxg3 38. fxg3 Bg7 39. g4 Kg8 40. Rf1 Qf8 41. Qe3 Re8 42. Qd2 Nd7 43. Bxg6 Ne5 44. Bb1 e6 45. Qc2 Qe7 46. Qh7+ Kf8 47. Be4 exd5 48. Bxd5 Reb8 49. Bxf7 Qxf7 50. Rxf7+ Nxf7 51. h4 Be5 52. Rf2 Re8 53. g5 Ree7 54. g6 1-0

[Event "46th OKU-A 2019"]
[Site "Utrecht"]
[Date "2019.06.02"]
[Round "5.9"]
[White "Schouten, Jordy"]
[Black "Okkes, Menno"]
[Result "1/2-1/2"]
[ECO "D00"]
[WhiteElo "2092"]
[BlackElo "2320"]
[Annotator "ChessBase"]
[PlyCount "62"]
[EventDate "2019.05.31"]
[EventType "swiss"]
[EventCountry "NED"]
[SourceTitle "playchess.com"]
[Source "ChessBase"]
[SourceQuality "1"]
[TimeControl "6600+10"]

1. d4 Nf6 2. Bg5 d5 3. Bxf6 gxf6 4. c4 c5 5. cxd5 Qxd5 6. Nf3 cxd4 7. Nc3 Qa5 8. Nxd4 Bg7 9. e3 O-O 10. Bd3 Nc6 11. Nb3 Qg5 12. h4 Qxg2 13. Qh5 f5 14. O-O-O Qg4 15. Qg5 Qxg5 16. hxg5 Be6 17. Nc5 Ne5 18. Nxe6 fxe6 19. Bc2 Rfd8 20. f4 Nc4 21. Bb3 Rxd1+ 22. Rxd1 Rc8 23. Rd7 Kf7 24. Rxb7 Na5 25. Rb5 Nxb3+ 26. Rxb3 e5 27. Kd2 Rc7 28. Rb5 Kg6 29. Ne2 Rd7+ 30. Kc2 e4 31. a4 Rd3 1/2-1/2

[Event "46th OKU-A 2019"]
[Site "Utrecht"]
[Date "2019.06.02"]
[Round "5.10"]
[White "Reichardt, Robin"]
[Black "Diepeveen, Vincent"]
[Result "1-0"]
[ECO "D70"]
[WhiteElo "1925"]
[BlackElo "2312"]
[Annotator "ChessBase"]
[PlyCount "51"]
[EventDate "2019.05.31"]
[EventType "swiss"]
[EventCountry "NED"]
[SourceTitle "playchess.com"]
[Source "ChessBase"]
[SourceQuality "1"]
[TimeControl "6600+10"]

1. d4 d5 2. c4 c6 3. Nf3 Nf6 4. Nbd2 g6 5. e3 Bg7 6. Be2 O-O 7. O-O e6 8. b3 b6 9. Bb2 Bb7 10. Qc2 Nbd7 11. e4 dxe4 12. Nxe4 Qc7 13. Rfd1 a5 14. Ne5 Nxe4 15. Nxd7 Qxd7 16. Qxe4 Rfd8 17. Qc2 Qe7 18. Bf3 Rd7 19. Rd3 Rad8 20. Rad1 h5 21. h3 Qh4 22. Qe2 Bxd4 23. Rxd4 Rxd4 24. Rxd4 Rxd4 25. Qe5 c5 26. Bxd4 1-0

[Event "46th OKU-A 2019"]
[Site "Utrecht"]
[Date "2019.06.02"]
[Round "5.11"]
[White "Kokje, Joris"]
[Black "Sekandar, Kambiz"]
[Result "1/2-1/2"]
[ECO "E06"]
[WhiteElo "2257"]
[BlackElo "2193"]
[Annotator "ChessBase"]
[PlyCount "92"]
[EventDate "2019.05.31"]
[EventType "swiss"]
[EventCountry "NED"]
[SourceTitle "playchess.com"]
[Source "ChessBase"]
[SourceQuality "1"]
[TimeControl "6600+10"]

1. d4 Nf6 2. c4 e6 3. Nf3 d5 4. g3 Be7 5. Bg2 O-O 6. Qc2 dxc4 7. Qxc4 a6 8. Bf4 Nd5 9. Nbd2 b5 10. Qc2 Nd7 11. Nb3 Bb7 12. Nc5 Nxc5 13. dxc5 Qe8 14. O-O Nxf4 15. gxf4 f5 16. Ne5 Bxg2 17. Kxg2 Bf6 18. Qc3 Bxe5 19. Qxe5 Qc6+ 20. f3 Rad8 21. Rad1 Rd5 22. Rxd5 exd5 23. Rd1 Qg6+ 24. Kf2 c6 25. Rg1 Qf7 26. Rg5 h6 27. Rg1 Rd8 28. Qd4 Re8 29. e3 Re6 30. Rg3 a5 31. a3 a4 32. Kg2 Qe7 33. Kf2 Kh7 34. Qc3 Rf6 35. Qd4 Rf7 36. Qc3 Qh4 37. Kg2 Rd7 38. Qe5 Qh5 39. Qe6 Rc7 40. Qd6 Qf7 41. Kf2 Qd7 42. Rg6 Qf7 43. Re6 Kg8 44. Qd8+ Kh7 45. Qd6 Kg8 46. Qd8+ Kh7 1/2-1/2

[Event "46th OKU-A 2019"]
[Site "Utrecht"]
[Date "2019.06.02"]
[Round "5.12"]
[White "Halfhide, Sebastian"]
[Black "Vroombout, Enrico"]
[Result "1-0"]
[ECO "C00"]
[WhiteElo "2252"]
[BlackElo "2137"]
[Annotator "ChessBase"]
[PlyCount "35"]
[EventDate "2019.05.31"]
[EventType "swiss"]
[EventCountry "NED"]
[SourceTitle "playchess.com"]
[Source "ChessBase"]
[SourceQuality "1"]
[TimeControl "6600+10"]

1. e4 e6 2. d3 d5 3. Nd2 Nf6 4. Ngf3 c5 5. g3 Nc6 6. Bg2 Be7 7. O-O O-O 8. c3 a5 9. a4 b6 10. Re1 Ba6 11. exd5 exd5 12. Nf1 Re8 13. Nh4 Qd7 14. Bf4 h6 15. Nf3 Bd6 16. Re4 Re7 17. Rxe7 Re8 18. Rxe8+ 1-0

[Event "46th OKU-A 2019"]
[Site "Utrecht"]
[Date "2019.06.02"]
[Round "6.1"]
[White "Ten Hertog, Hugo"]
[Black "Burg, Twan"]
[Result "1/2-1/2"]
[ECO "A28"]
[WhiteElo "2480"]
[BlackElo "2519"]
[Annotator "ChessBase"]
[PlyCount "20"]
[EventDate "2019.05.31"]
[EventType "swiss"]
[EventCountry "NED"]
[SourceTitle "playchess.com"]
[Source "ChessBase"]
[SourceQuality "1"]
[TimeControl "6600+10"]

1. c4 e5 2. Nc3 Nf6 3. e3 Nc6 4. Nf3 Bb4 5. Qc2 Bxc3 6. Qxc3 Qe7 7. a3 d5 8. d4 exd4 9. Nxd4 Nxd4 10. Qxd4 dxc4 1/2-1/2

[Event "46th OKU-A 2019"]
[Site "Utrecht"]
[Date "2019.06.02"]
[Round "6.2"]
[White "Arnaudov, G. Petar"]
[Black "Warmerdam, Max"]
[Result "0-1"]
[ECO "D31"]
[WhiteElo "2482"]
[BlackElo "2476"]
[Annotator "ChessBase"]
[PlyCount "112"]
[EventDate "2019.05.31"]
[EventType "swiss"]
[EventCountry "NED"]
[SourceTitle "playchess.com"]
[Source "ChessBase"]
[SourceQuality "1"]
[TimeControl "6600+10"]

1. d4 d5 2. c4 e6 3. Nc3 Bb4 4. cxd5 exd5 5. Bf4 Ne7 6. e3 O-O 7. Bd3 Bf5 8. Nge2 Nd7 9. a3 Bxc3+ 10. Nxc3 Bxd3 11. Qxd3 Nb6 12. O-O Qd7 13. f3 Ng6 14. Bg3 f5 15. b3 Rae8 16. a4 c6 17. a5 Nc8 18. a6 b6 19. Rfc1 Nd6 20. Na2 f4 21. exf4 Nxf4 22. Bxf4 Rxf4 23. Nb4 Rc8 24. Qd2 Rf6 25. Nd3 Nf5 26. Ne5 Qd6 27. b4 c5 28. bxc5 bxc5 29. Ng4 Re6 30. dxc5 Rxc5 31. Re1 h6 32. Qd3 d4 33. Qb3 Rd5 34. Nf2 Kh7 35. Ne4 Qd7 36. Qd3 Rg6 37. Reb1 Qc6 38. Rb7 Ne3 39. g3 Rf5 40. Qe2 Ra5 41. Rbb1 Rxa6 42. Qd3 Qc2 43. Qxc2 Nxc2 44. Rxa6 Rxa6 45. Rb7 Ne1 46. f4 Ra2 47. f5 Nf3+ 48. Kf1 Nxh2+ 49. Ke1 Nf3+ 50. Kd1 h5 51. f6 d3 52. Kc1 d2+ 53. Nxd2 Rxd2 54. Rxa7 Rd6 55. Rxg7+ Kh6 56. Rf7 Kg6 0-1

[Event "46th OKU-A 2019"]
[Site "Utrecht"]
[Date "2019.06.02"]
[Round "6.3"]
[White "Meng, Roger"]
[Black "Beerdsen, Thomas"]
[Result "1-0"]
[ECO "D07"]
[WhiteElo "2443"]
[BlackElo "2488"]
[Annotator "ChessBase"]
[PlyCount "61"]
[EventDate "2019.05.31"]
[EventType "swiss"]
[EventCountry "NED"]
[SourceTitle "playchess.com"]
[Source "ChessBase"]
[SourceQuality "1"]
[TimeControl "6600+10"]

1. d4 d5 2. Nf3 Nc6 3. c4 Bg4 4. cxd5 Bxf3 5. gxf3 Qxd5 6. e3 e5 7. Nc3 Bb4 8. Bd2 Bxc3 9. bxc3 Qd6 10. Bg2 O-O-O 11. Qb3 Nf6 12. Rb1 b6 13. O-O h5 14. Bc1 Rh6 15. Bh3+ Nd7 16. Ba3 Qf6 17. Qd5 Qh4 18. Bg2 f5 19. Kh1 Rg6 20. Qf7 Qg5 21. Rg1 Rf6 22. Qc4 Ncb8 23. Be7 Re8 24. Bxf6 Qxf6 25. dxe5 Nxe5 26. Qa4 Rd8 27. Rgd1 a5 28. Rxd8+ Qxd8 29. Rd1 Qe7 30. Qb5 g6 31. h3 1-0